 Dungeon Crawl Stone Soup version 0.22.1-1-ga44c0e5 (webtiles) character file.

118491 Lauz the Eclecticist (level 16, -2/76 HPs)
             Began as a Deep Elf Fire Elementalist on Nov 2, 2018.
             Was the Champion of Vehumet.
             Slain by a spriggan rider
             ... wielding a +0 spear
              (13 damage)
             ... on level 1 of the Swamp.
             The game lasted 03:47:55 (43641 turns).

Lauz the Eclecticist (Deep Elf Fire Elementalist)  Turns: 43641, Time: 03:47:56

Health: -2/76      AC: 13    Str:  5    XL:     16   Next: 25%
Magic:  2/41       EV: 16    Int: 28    God:    Vehumet [******]
Gold:   1025       SH:  0    Dex: 15    Spells: 16/54 levels left

rFire    + + .     SeeInvis .   N - staff of conjuration
rCold    . . .     Gourm    +   (no shield)
rNeg     . . .     Faith    .   Y - +2 robe {rF+}
rPois    .         Spirit   .   (no helmet)
rElec    .         Reflect  .   O - +2 cloak {rC+}
rCorr    .         Harm     .   v - +2 pair of gloves
MR       ++...                  D - +2 pair of boots
Stlth    ++........             W - amulet of the gourmand
HPRegen  0.22/turn              s - ring of protection from magic
MPRegen  0.27/turn              Q - ring of fire

@: studying 2 skills
A: no striking features
a: Renounce Religion


You were on level 1 of the Swamp.
You worshipped Vehumet.
Vehumet was exalted by your worship.
You were not hungry.

You visited 5 branches of the dungeon, and saw 25 of its levels.
You also visited: Ossuary, Ice Cave and Volcano.

You collected 2460 gold pieces.
You spent 1435 gold pieces at shops.

Inventory:

Armour
 v - a +2 pair of gloves (worn)
 D - a +2 pair of boots (worn)
 O - a +2 cloak of cold resistance (worn)
 Y - a +2 robe of fire resistance (worn)
Magical Staves
 G - an uncursed staff of wizardry
 N - an uncursed staff of conjuration (weapon)
 P - an uncursed staff of cold
Jewellery
 s - a ring of protection from magic (left hand)
 Q - a ring of fire (right hand)
 R - an uncursed amulet of faith
 T - an uncursed ring of wizardry
 W - an amulet of the gourmand (around neck)
 X - an uncursed ring of protection from cold
 Z - an uncursed ring of positive energy
Wands
 h - a wand of polymorph (11)
 n - a wand of iceblast (41)
 p - a wand of acid (8)
 y - a wand of flame (14)
 L - a wand of digging (9)
 V - a wand of random effects (61)
Scrolls
 a - a scroll of fog
 d - a scroll of summoning {unknown}
 f - 3 scrolls of magic mapping
 g - 6 scrolls of remove curse
 l - 2 scrolls of amnesia
 m - a scroll of torment {unknown}
 o - a scroll of vulnerability {unknown}
 q - a scroll of silence {unknown}
 H - 3 scrolls of teleportation
 J - 2 scrolls of enchant weapon {unknown}
 K - 4 scrolls of enchant armour
 M - 3 scrolls of random uselessness {unknown}
 U - 3 scrolls of blinking
Potions
 e - 3 potions of resistance
 i - 6 potions of haste
 j - 2 potions of ambrosia
 k - 4 potions of berserk rage
 r - 8 potions of might
 u - 3 potions of mutation
 w - 13 potions of curing
 x - 6 potions of heal wounds
 z - 3 potions of flight
 A - 2 potions of cancellation
 B - 5 potions of brilliance
 C - 4 potions of agility
 E - a potion of magic
 F - 3 potions of lignification
 I - 2 potions of invisibility {unknown}
Books
 b - a manual of Fire Magic
 t - a manual of Ice Magic
Comestibles
 c - 26 rations


   Skills:
   Level 0.4 Short Blades
 + Level 6.3 Dodging
 - Level 2.4 Stealth
 + Level 19.9 Spellcasting
 + Level 16.4 Conjurations
   Level 0.1 Hexes
 * Level 8.8 Summonings
 + Level 15.5 Fire Magic
 + Level 14.2 Ice Magic
   Level 1.0 Earth Magic
 + Level 0.2 Evocations


You had 16 spell levels left.
You knew the following spells:

 Your Spells              Type           Power        Failure   Level  Hunger
a - Flame Tongue          Conj/Fire      #####        0%          1    None
b - Conjure Flame         Conj/Fire      ########     0%          3    None
c - Sticky Flame          Conj/Fire      ########     0%          4    None
d - Fireball              Conj/Fire      ########..   1%          5    None
e - Call Imp              Summ           ######..     1%          2    None
f - Bolt of Fire          Conj/Fire      ########..   1%          6    None
g - Spellforged Servitor  Conj/Summ      #######...   1%          7    ####...
h - Bolt of Cold          Conj/Ice       ########..   1%          6    None
i - Summon Ice Beast      Ice/Summ       #######.     1%          4    None

Your spell library contained the following spells:

 Spells                   Type           Power        Failure   Level  Hunger
 Orb of Destruction       Conj           ########..   1%          7    ####...
 Magic Dart               Conj           ####         0%          1    None
 Searing Ray              Conj           ######       0%          2    None
 Throw Flame              Conj/Fire      ######       0%          2    None
 Iskenderun's Mystic Bla  Conj           ########     0%          4    None
 Beastly Appendage        Tmut           ####..       1%          1    None
 Sandblast                Erth           ####..       1%          1    None
 Summon Butterflies       Summ           ######..     1%          1    None
 Summon Small Mammal      Summ           ####         1%          1    None
 Passwall                 Tmut/Erth      ####....     1%          2    None
 Call Canine Familiar     Summ           ######..     1%          3    None
 Dazzling Spray           Conj/Hex       ######       1%          3    None
 Inner Flame              Hex/Fire       #######.     1%          3    None
 Recall                   Summ/Tloc      N/A          1%          3    None
 Stone Arrow              Conj/Erth      ######       1%          3    None
 Summon Guardian Golem    Hex/Summ       ######..     1%          3    None
 Force Lance              Conj/Tloc      #######.     1%          4    None
 Fulminant Prism          Conj/Hex       #######...   1%          4    None
 Ice Form                 Ice/Tmut       ######..     1%          4    None
 Aura of Abjuration       Summ           ######....   1%          5    None
 Metabolic Englaciation   Hex/Ice        ######....   1%          5    None
 Summon Demon             Summ           ######....   1%          5    None
 Freezing Cloud           Conj/Ice/Air   #######...   1%          6    None
 Ozocubu's Refrigeration  Ice            #######...   1%          6    None
 Blink                    Tloc           N/A          2%          2    None
 Shroud of Golubria       Chrm/Tloc      ####......   2%          2    None
 Song of Slaying          Chrm           ####....     2%          2    None
 Sticks to Snakes         Tmut           ####....     2%          2    None
 Summon Lightning Spire   Summ/Air       ######..     2%          4    None
 Conjure Ball Lightning   Conj/Air       #######...   2%          6    None
 Poison Arrow             Conj/Pois      #######...   2%          6    None
 Gell's Gravitas          Tloc           ####......   4%          3    None
 Lesser Beckoning         Tloc           ####......   4%          3    None
 Regeneration             Chrm/Necr      ####......   4%          3    None
 Spider Form              Tmut/Pois      ####......   4%          3    None
 Teleport Other           Tloc           ####....     4%          3    None
 Summon Mana Viper        Hex/Summ       ######..     6%          5    None
 Shadow Creatures         Summ           N/A          6%          6    None
 Lee's Rapid Deconstruct  Erth           ####......   7%          5    None
 Summon Forest            Summ/Tloc      ######....   7%          5    None
 Petrify                  Tmut/Erth      ####....     12%         4    None
 Simulacrum               Ice/Necr       ######....   12%         6    None
 Passage of Golubria      Tloc           N/A          14%         4    None
 Summon Hydra             Summ           ######....   32%         7    ####...
 Silence                  Hex/Air        ####......   36%         5    None
 Blade Hands              Tmut           ####......   38%         5    None
 Fire Storm               Conj/Fire      ########..   45%         9    #######
 Lehudib's Crystal Spear  Conj/Erth      #######...   54%         8    #####..
 Glaciate                 Conj/Ice       ########..   54%         9    #######
 Chain Lightning          Conj/Air       #######...   58%         8    #####..
 Deflect Missiles         Chrm/Air       ####......   92%         6    None
 Tornado                  Air            ####......   100%        9    #######


Dungeon Overview and Level Annotations

Branches:
Dungeon (15/15)            Temple (1/1) D:7            Lair (6/6) D:8
  Swamp (1/4) Lair:4       Spider (0/4) Lair:2        Slime (0/5) Lair:5
    Orc (2/2) D:9             Elf (0/3) Orc:2        Vaults (0/5) D:14
 Depths (0/5) D:15

Altars:
Ashenzari
Cheibriados
Dithmenos
Fedhas
Kikubaaqudgha
Makhleb
Nemelex Xobeh
Qazlal
Ru
Sif Muna
Trog
Uskayaw
Vehumet
Xom
Yredelemnul

Shops:
Orc:2 ?:![

Portals:
Pandemonium: Orc:2


Message History

The spriggan rider is engulfed in a cloud of scalding steam.
Your spellforged servitor sprays the insubstantial wisp with burning goo.
The sticky flame hits the insubstantial wisp.
The insubstantial wisp resists.
The spriggan rider hits you from afar with a spear!
* * * LOW HITPOINT WARNING * * *
Okay, then.
You feel much better.
The insubstantial wisp hits you but does no damage.
The spriggan rider hits you from afar with a spear!!
* * * LOW HITPOINT WARNING * * *
The insubstantial wisp blinks!
Casting: Fireball (safe; 1% risk of failure)
Confirm with . or Enter, or press ? or * to list all spells.
A chill wind blows around you. The spriggan rider closely misses you.
The insubstantial wisp hits you but does no damage.
The insubstantial wisp blinks!
The insubstantial wisp closely misses you.
The spriggan rider hits you from afar with a spear!
You die...

♣......♣.≈≈≈.♣♣ ♣..♣♣
♣♣.♣♣≈≈.≈≈≈≈♣.♣♣♣.≈≈♣
♣≈♣...≈≈≈≈≈≈≈....≈♣
♣≈♣.≈.≈≈≈≈≈≈≈≈≈≈.♣♣
♣≈≈..♣♣≈≈≈≈≈≈≈♣..♣
♣≈♣..♣♣♣≈≈≈♣[...♣♣
♣.≈≈.♣♣..♣♣♣♣≈♣.♣
♣.≈≈♣♣.≈§.♣ ♣.[.♣♣
♣.Y@♣♣♣.≈≈♣ ♣♣...♣
♣.v.♣ ♣.<.♣♣ ♣♣..♣♣
♣i§♣♣ ♣♣...♣ ♣...♣
♣vv♣ ♣.≈≈♣ ♣..♣♣ ≈
♣.v♣ ♣.≈.♣ ♣♣...♣♣ .≈
♣v.♣ ♣♣.≈.♣♣♣..♣..♣
≈≈ ♣.§♣
♣≈≈≈..♣♣.≈≈≈♣♣ . .§
♣.†♣♣ ♣♣≈...♣♣...≈♣♣
♣≈≈♣. ♣≈[≈♣
♣.≈≈≈.♣≈≈≈♣..♣


You could see a spriggan rider, 5 insubstantial wisps and a friendly ice beast.

Vanquished Creatures
  Frances (D:14)
  Kirke (Lair:4)
  Snorg (Orc:2)
  Erolcha (Orc:2)
  Harold (D:7)
  5 hydras
  4 vault guards (D:14)
  9 two-headed ogres
  5 centaur warriors
  5 catoblepae
  An alligator (Swamp:1)
  7 death yaks
  Urug (D:13)
  4 orc high priests (Orc:2)
  A soul eater (Orc:2)
  A tengu warrior (D:14)
  Nergalle (Lair:4)
  A spriggan (Swamp:1)
  A salamander mystic (Volcano)
  A hell knight (Volcano)
  2 unseen horrors
  An infernal demonspawn (Orc:2)
  A swamp dragon (Swamp:1)
  2 torturous demonspawn (Orc:2)
  5 orc knights (Orc:2)
  2 necromancers
  Pikel (D:6)
  A wolf spider (D:15)
  2 cyclopes
  3 manticores
  2 ugly things
  3 salamanders (Volcano)
  8 orc sorcerers
  5 centaur zombies
  The ghost of Ymberto the Transmogrifier, a novice OpTm (D:5)
  The ghost of RadicalHijinx the Skirmisher, a novice HOAr (D:5)
  An ice statue (IceCv)
  11 elephants
  5 black mambas
  2 molten gargoyles (Volcano)
  Joseph (D:7)
  A torpor snail (Lair:6)
  3 gargoyles
  An orange demon (Orc:2)
  7 spiny frogs
  8 komodo dragons
  9 rime drakes
  10 freezing wraiths (IceCv)
  3 ice devils (Orc:2)
  The ghost of Ymberto the Transmogrifier, a novice OpTm of Gozag (D:5)
  An efreet (D:13)
  A jumping spider (Lair:2)
  8 trolls
  The ghost of Phantomfrettchen the Insei, an amateur GnCK of Xom (D:2)
  3 meliai (D:13)
  A tyrant leech (Swamp:1)
  3 hornets
  A wolf spider simulacrum (IceCv)
  A harpy skeleton (D:15)
  8 blink frogs (Lair:3)
  10 hippogriffs
  4 slime creatures
  3 dream sheep (Lair:6)
  5 wyverns
  58 yaks
  4 shadows
  A vampire (D:14)
  4 hogs (Lair:4)
  4 wraiths
  A chaos spawn (Orc:2)
  9 basilisks
  A fire bat (Volcano)
  8 vampire mosquitoes
  A hungry ghost (D:8)
  5 wargs
  Menkaure (D:6)
  5 swamp worms (Swamp:1)
  2 insubstantial wisps (Swamp:1)
  A soldier ant (D:14)
  3 acid dragons
  13 water moccasins
  5 porcupines
  2 slaves
  2 hornet zombies (D:14)
  8 ice beasts
  4 phantoms
  5 sky beasts
  26 orc warriors
  18 ogres
  A black bear (D:7)
  A necrophage (D:8)
  21 centaurs
  17 wolves
  An alligator simulacrum (IceCv)
  13 crocodiles
  2 big kobolds
  15 bullfrogs
  5 gnoll sergeants
  4 water moccasin zombies
  3 scorpions
  10 killer bees
  An elephant simulacrum (IceCv)
  8 wights
  A howler monkey (D:8)
  3 electric eels
  5 lava snakes (Volcano)
  5 crimson imps
  5 draconian simulacra (IceCv)
  9 jellies
  A bullfrog zombie (D:10)
  23 orc priests
  5 hounds
  A quasit (D:9)
  21 orc wizards
  4 centaur skeletons
  A human skeleton (D:6)
  2 human zombies (D:6)
  6 iguanas
  16 worker ants
  4 troll simulacra (IceCv)
  A polar bear simulacrum (IceCv)
  A spriggan simulacrum (IceCv)
  4 big kobold zombies (Ossuary)
  7 centaur simulacra
  2 hound zombies (D:9)
  4 hound skeletons
  A worker ant zombie (D:11)
  2 mummies (Ossuary)
  13 adders
  14 gnolls
  3 naga simulacra (IceCv)
  An ogre simulacrum (IceCv)
  10 river rats
  12 white imps (IceCv)
  6 adder zombies (Ossuary)
  4 oozes
  5 worms
  An adder skeleton (D:9)
  A dart slug (D:4)
  8 leopard geckos
  91 orcs
  8 giant cockroaches
  3 gnoll zombies (Ossuary)
  11 goblins
  3 hobgoblins
  18 jackals
  13 kobolds
  5 quokkas
  2 ball pythons
  A ball python skeleton (D:4)
  6 bats
  A frilled lizard (D:13)
  4 hobgoblin zombies (Ossuary)
  2 jackal skeletons
  4 kobold zombies (Ossuary)
  2 orc skeletons (D:6)
  7 orc zombies (Ossuary)
  A quokka zombie (D:8)
  20 rats
  A spectral orc (D:6)
  3 fungi
  5 plants
  A withered plant (D:9)
922 creatures vanquished.

Vanquished Creatures (collateral kills)
  Josephine (Orc:2)
  2 hydras
  A catoblepas (Lair:6)
  2 wizards (D:15)
  A swamp dragon (Swamp:1)
  A wolf spider zombie (D:15)
  3 deep elf magi (D:15)
  An oklob plant (Lair:5)
  A salamander (Volcano)
  A manticore (Lair:6)
  A centaur skeleton (D:15)
  2 rime drakes (Lair:4)
  A tyrant leech (Swamp:1)
  4 hippogriffs
  3 yaks
  6 wyverns (Lair:4)
  A wraith (Orc:1)
  3 insubstantial wisps (Swamp:1)
  5 vampire mosquitoes (Swamp:1)
  2 water moccasins (Lair:5)
  8 orc warriors
  An eye of draining (D:14)
  A centaur (D:12)
  2 crocodiles
  2 bullfrogs
  A crimson imp (D:10)
  4 orc wizards
  6 orc priests
  15 orcs
82 creatures vanquished.

Vanquished Creatures (others)
  A human (Lair:4)
  A crimson imp (D:6)
  An orc skeleton (D:6)
  12 fungi
  4 plants
  6 withered plants
25 creatures vanquished.

Grand Total: 1029 creatures vanquished

Notes
Turn   | Place    | Note
-------+----------+-------------------------------------------
     0 | D:1      | Lauz the Deep Elf Fire Elementalist began the quest for the
                  | Orb.
     0 | D:1      | Reached XP level 1. HP: 10/10 MP: 6/6
   172 | D:1      | Reached XP level 2. HP: 15/15 MP: 6/8
   914 | D:2      | Reached XP level 3. HP: 19/19 MP: 7/9
   919 | D:2      | Learned a level 3 spell: Conjure Flame
  1231 | D:2      | Found a bloodstained altar of Trog.
  1401 | D:2      | Found a sparkling altar of Nemelex Xobeh.
  1401 | D:2      | Found a transporter.
  1401 | D:2      | Noticed a bullfrog
  1409 | D:2      | Found a transporter.
  1546 | D:3      | Found a runed door.
  1549 | D:3      | Noticed Phantomfrettchen's ghost (amateur GnCK)
  1848 | D:3      | Reached XP level 4. HP: 24/24 MP: 9/11
  2430 | D:3      | Noticed a gnoll sergeant
  2483 | D:3      | Killed a gnoll sergeant
  2483 | D:3      | Reached skill level 4 in Spellcasting
  2483 | D:3      | Reached XP level 5. HP: 28/28 MP: 1/13
  2724 | D:3      | Reached skill level 5 in Fire Magic
  3589 | D:4      | Reached XP level 6. HP: 32/32 MP: 9/15
  3744 | D:3      | Learned a level 4 spell: Sticky Flame
  3750 | D:3      | Learned a level 5 spell: Fireball
  3889 | D:4      | Reached skill level 5 in Conjurations
  4150 | D:4      | Reached skill level 5 in Spellcasting
  4440 | D:4      | Reached XP level 7. HP: 36/36 MP: 10/16
  4590 | D:4      | Found a runed door.
  4592 | D:4      | Noticed RadicalHijinx's ghost (novice HOAr)
  4988 | D:2      | Killed Phantomfrettchen's ghost
  5213 | D:2      | Reached skill level 6 in Spellcasting
  5608 | D:5      | Entered Level 5 of the Dungeon
  5737 | D:5      | Reached XP level 8. HP: 16/41 MP: 2/19
  6056 | D:5      | Found a runed gate.
  6056 | D:5      | Found a runed gate.
  6059 | D:5      | Noticed Ymberto's ghost (novice OpTm)
  6064 | D:5      | Found a runed gate.
  6172 | D:5      | Noticed Ymberto's ghost (novice OpTm)
  6534 | D:5      | Reached skill level 7 in Spellcasting
  7412 | D:6      | Noticed Menkaure
  7413 | D:6      | Killed Menkaure
  7455 | D:6      | Reached skill level 8 in Spellcasting
  7478 | D:6      | Noticed Pikel
  7804 | D:6      | Killed Pikel
  7804 | D:6      | Reached XP level 9. HP: 43/45 MP: 9/23
  7823 | D:6      | Found a sand-covered staircase.
  7871 | Ossuary  | Entered an ossuary
  9035 | D:6      | Reached skill level 9 in Spellcasting
  9041 | D:6      | Reached skill level 10 in Conjurations
  9299 | D:6      | Found a basalt altar of Yredelemnul.
  9640 | D:7      | Noticed Harold
  9640 | D:7      | Noticed Joseph
  9738 | D:7      | Killed Joseph
  9978 | D:7      | Killed Harold
  9978 | D:7      | Reached XP level 10. HP: 37/50 MP: 3/25
 10101 | D:7      | Found a shattered altar of Ashenzari.
 10186 | D:7      | Found a staircase to the Ecumenical Temple.
 10193 | Temple   | Entered the Ecumenical Temple
 10253 | Temple   | Became a worshipper of Vehumet
 10334 | D:7      | Reached skill level 10 in Spellcasting
 10698 | D:7      | Found a stormy altar of Qazlal.
 11205 | D:7      | Reached * piety under Vehumet
 11205 | D:7      | Offered knowledge of Magic Dart by Vehumet.
 11281 | D:7      | Found a shadowy altar of Dithmenos.
 11283 | D:7      | Found a snail-covered altar of Cheibriados.
 11436 | D:8      | Paralysed by a hornet for 3 turns
 11438 | D:8      | HP: 1/50 [hornet (5)]
 11686 | D:8      | Found a blossoming altar of Fedhas.
 11821 | D:8      | Found a shimmering altar of Xom.
 12178 | D:8      | Noticed a death yak
 12403 | D:8      | Killed a death yak
 12519 | D:8      | Found a staircase to the Lair.
 12610 | D:8      | Noticed an elephant
 12625 | D:8      | Killed an elephant
 12625 | D:8      | Reached skill level 11 in Spellcasting
 12760 | D:8      | Reached skill level 5 in Dodging
 12810 | D:8      | Found a deep blue altar of Sif Muna.
 12814 | D:8      | You fall through a shaft!
 12820 | D:9      | Found an ancient bone altar of Kikubaaqudgha.
 12911 | D:9      | Offered knowledge of Shock by Vehumet.
 12922 | D:9      | Reached ** piety under Vehumet
 13105 | D:9      | Found a sacrificial altar of Ru.
 13257 | D:9      | Noticed a two-headed ogre
 13268 | D:9      | Killed a two-headed ogre
 13484 | D:9      | Reached XP level 11. HP: 48/54 MP: 5/28
 13790 | D:5      | Killed RadicalHijinx's ghost
 14102 | D:4      | Found a runed door.
 14214 | D:5      | Killed Ymberto's ghost
 14214 | D:5      | Reached skill level 12 in Spellcasting
 14226 | D:5      | Killed Ymberto's ghost
 14691 | D:9      | Offered knowledge of Ignite Poison by Vehumet.
 14719 | D:9      | Reached skill level 10 in Fire Magic
 15124 | D:9      | Found a staircase to the Orcish Mines.
 15130 | D:9      | Reached *** piety under Vehumet
 15536 | D:10     | Entered Level 10 of the Dungeon
 15625 | D:10     | Reached skill level 13 in Spellcasting
 15633 | D:10     | Learned a level 2 spell: Call Imp
 15637 | D:10     | Learned a level 3 spell: Summon Guardian Golem
 15704 | D:10     | Noticed a two-headed ogre
 15721 | D:10     | Killed a two-headed ogre
 15721 | D:10     | Reached skill level 1 in Summonings
 16147 | D:10     | Offered knowledge of Iskenderun's Mystic Blast by Vehumet.
 17189 | D:11     | Noticed a two-headed ogre
 17669 | D:11     | Noticed a two-headed ogre
 17677 | D:11     | Killed a two-headed ogre
 17757 | D:11     | Reached XP level 12. HP: 59/59 MP: 26/31
 17900 | D:11     | Killed a two-headed ogre
 18017 | D:11     | Noticed a two-headed ogre
 18023 | D:11     | Killed a two-headed ogre
 18023 | D:11     | Reached skill level 14 in Spellcasting
 18121 | D:11     | Reached **** piety under Vehumet
 18408 | D:12     | Offered knowledge of Yara's Violent Unravelling by Vehumet.
 18803 | D:12     | Found a frozen archway.
 18809 | IceCv    | Entered an ice cave
 19230 | IceCv    | Reached skill level 15 in Spellcasting
 19941 | IceCv    | Found an ancient bone altar of Kikubaaqudgha.
 19943 | IceCv    | Reached ***** piety under Vehumet
 19943 | IceCv    | Offered knowledge of Bolt of Magma by Vehumet.
 19977 | IceCv    | Learned a level 5 spell: Bolt of Magma
 20927 | D:12     | Reached XP level 13. HP: 63/63 MP: 15/34
 21594 | D:13     | Reached skill level 1 in Earth Magic
 21728 | D:13     | Learned a level 6 spell: Bolt of Cold
 22310 | D:13     | Reached skill level 16 in Spellcasting
 22312 | D:13     | Reached skill level 5 in Ice Magic
 22363 | D:13     | Noticed Urug
 23086 | D:13     | Killed Urug
 23313 | D:14     | Noticed Frances
 23753 | Lair:1   | Entered Level 1 of the Lair of Beasts
 23865 | Lair:1   | Offered knowledge of Throw Icicle by Vehumet.
 24019 | Lair:1   | Learned a level 4 spell: Summon Ice Beast
 25353 | Lair:2   | Found a hole to the Spider Nest.
 26022 | Lair:3   | Reached skill level 17 in Spellcasting
 26740 | Lair:3   | Reached XP level 14. HP: 68/68 MP: 26/37
 27234 | Lair:4   | Noticed Nergalle
 27242 | Lair:4   | Killed Nergalle
 27457 | Lair:4   | Offered knowledge of Iron Shot by Vehumet.
 27744 | Lair:4   | Noticed Kirke
 27753 | Lair:4   | Killed Kirke
 27753 | Lair:4   | Reached skill level 15 in Conjurations
 28719 | Lair:4   | Found a staircase to the Swamp.
 29155 | Lair:5   | Reached skill level 10 in Ice Magic
 29580 | Lair:5   | Found a staircase to the Slime Pits.
 30224 | Lair:6   | Entered Level 6 of the Lair of Beasts
 30469 | Lair:6   | Reached skill level 18 in Spellcasting
 30494 | Lair:6   | Found a dark tunnel.
 30613 | Volcano  | Entered a volcano
 31168 | Volcano  | Found a bloodstained altar of Trog.
 31593 | Lair:6   | Offered knowledge of Irradiate by Vehumet.
 32107 | Lair:6   | Reached skill level 5 in Summonings
 32663 | Lair:6   | Reached XP level 15. HP: 28/72 MP: 8/39
 33863 | Orc:1    | Entered Level 1 of the Orcish Mines
 34258 | Orc:2    | Entered Level 2 of the Orcish Mines
 34265 | Orc:2    | Noticed Josephine
 34274 | Orc:2    | Killed Josephine
 35130 | Orc:2    | Noticed Snorg
 35136 | Orc:2    | Killed Snorg
 35323 | Orc:2    | Noticed Erolcha
 35330 | Orc:2    | Killed Erolcha
 35472 | Orc:2    | Found Feesec's Magic Scroll Shop.
 35818 | Orc:2    | Reached ****** piety under Vehumet
 35912 | Orc:2    | Found Midiad's Distillery.
 36583 | Orc:2    | Offered knowledge of Bolt of Fire by Vehumet.
 36797 | Orc:2    | Learned a level 6 spell: Bolt of Fire
 36894 | Orc:2    | Reached skill level 19 in Spellcasting
 37222 | Orc:2    | Found a staircase to the Elven Halls.
 37652 | Orc:2    | Found Duv Ytui's Antique Armour Emporium.
 37652 | Orc:2    | Found Tupsifoji's Book Shoppe.
 37771 | Orc:2    | Found a one-way gate leading to the halls of Pandemonium.
 37776 | Orc:2    | Bought a manual of Fire Magic for 1435 gold pieces
 40656 | D:14     | Killed Frances
 40656 | D:14     | Reached skill level 15 in Fire Magic
 40663 | D:14     | Offered knowledge of Spellforged Servitor by Vehumet.
 40672 | D:14     | Learned a level 7 spell: Spellforged Servitor
 40997 | D:14     | Found a gate to the Vaults.
 41452 | D:15     | Entered Level 15 of the Dungeon
 41688 | D:15     | Identified a scroll of acquirement
 41771 | D:15     | Reached XP level 16. HP: 76/76 MP: 24/41
 42070 | D:15     | Found a staircase to the Depths.
 43092 | Swamp:1  | Entered Level 1 of the Swamp
 43195 | Swamp:1  | Identified the Tome of Sulphur
 43632 | Swamp:1  | Offered knowledge of Orb of Destruction by Vehumet.
 43641 | Swamp:1  | Slain by a spriggan rider

Skill      XL: |  1  2  3  4  5  6  7  8  9 10 11 12 13 14 15 |
---------------+----------------------------------------------+-----
Fire Magic     | 4 5 6 7 8 9 11 12 13 14 15 | 15.5
Conjurations   | 2 3 4 5 7 9 10 12 13 14 15 16 | 16.4
Spellcasting   | 4 5 6 8 9 11 13 15 17 18 19 | 19.9
Dodging        | 3 4 5 6 |  6.3
Summonings     | 1 2 5 8 |  8.8
Ice Magic      | 3 8 12 14 | 14.2
Earth Magic    | 1 |  1.0
Short Blades   | |  0.4
Stealth        | |  2.4
Hexes          | |  0.1
Evocations     | |  0.2

Action                   |  1- 3 |  4- 6 |  7- 9 | 10-12 | 13-15 | 16-18 || total
-------------------------+-------+-------+-------+-------+-------+-------++-------
Melee: Short sword       |       |       |    44 |    24 |       |       ||    68
       Staff             |       |       |       |     1 |    11 |     5 ||    17
 Cast: Flame Tongue      |    59 |   119 |   215 |   355 |   113 |       ||   861
       Conjure Flame     |     3 |    12 |       |     8 |       |       ||    23
       Sticky Flame      |       |     1 |    30 |    57 |    36 |     2 ||   126
       Fireball          |       |       |    29 |   160 |   209 |     8 ||   406
       Call Imp          |       |       |       |    13 |     1 |       ||    14
       Summon Guardian G |       |       |       |     6 |     1 |       ||     7
       Bolt of Magma     |       |       |       |     8 |    75 |       ||    83
       Bolt of Cold      |       |       |       |       |   141 |     3 ||   144
       Summon Ice Beast  |       |       |       |       |   125 |     9 ||   134
       Bolt of Fire      |       |       |       |       |    43 |    34 ||    77
       Spellforged Servi |       |       |       |       |     4 |     8 ||    12
Evoke: Wand              |       |       |       |       |     3 |       ||     3
  Use: Scroll            |     9 |       |     6 |    13 |    18 |       ||    46
       Potion            |       |       |     1 |     3 |       |     1 ||     5
  Eat: Ration            |     1 |       |     5 |     5 |     8 |       ||    19
       Chunk             |       |     7 |    10 |    27 |    46 |     9 ||    99
Armor: Robe              |     2 |     2 |    44 |    35 |    55 |    12 ||   150
Dodge: Dodged            |     5 |    12 |   126 |   141 |   158 |    23 ||   465
